 Dungeon Crawl Stone Soup version 0.29-a0-72-g1732ff48e7 (webtiles) character file.

Game seed: 6422111556216055183

688 dohliylev the Cleaver (level 7, -2/63 HPs)
             Began as a Minotaur Berserker on Feb 3, 2022.
             Was a Priest of Trog.
             Slain by Duvessa (9 damage)
             ... on level 5 of the Dungeon.
             The game lasted 00:07:25 (3868 turns).

dohliylev the Cleaver (Minotaur Berserker)          Turns: 3868, Time: 00:07:26

Health: -2/63      AC:  6    Str: 24    XL:     7   Next: 36%
Magic:  6/6        EV: 12    Int:  4    God:    Trog [***...]
Gold:   160        SH:  0    Dex:  9    Spells: 6/6 levels left

rFire   . . .      SeeInvis +   a - +0 hand axe
rCold   . . .      Faith    .   (no shield)
rNeg    . . .      Spirit   .   l - +2 robe "Lostrueho" {Rampage rElec SInv}
rPois   .          Reflect  .   (helmet restricted)
rElec   +          Harm     .   w - +0 cloak
rCorr   .          Rampage  +   u - +0 pair of gloves
Will    ++...                   (no boots)
Stlth   +.........              (no amulet)
HPRegen 1.20/turn               (no ring)
MPRegen 0.10/turn               (no ring)

@: strong-willed (expiring), on berserk cooldown, regenerating (expiring),
slowed, very slow
A: horns 2, retaliatory headbutt
a: Renounce Religion, Berserk, Trog's Hand


You were on level 5 of the Dungeon.
You worshipped Trog.
Trog was most pleased with you.
You visited 1 branch of the dungeon, and saw 5 of its levels.

You collected 160 gold pieces.

Inventory:

Hand Weapons
 a - a +0 hand axe (weapon)
Missiles
 j - 3 throwing nets (quivered)
Armour
 l - the +2 robe "Lostrueho" (worn) {Rampage rElec SInv}
   (You took it off a hobgoblin on level 3 of the Dungeon)

   rElec:     It insulates you from electricity.
   SInv:      It lets you see invisible.
   Rampage:   It bestows one free step when moving towards enemies.
 u - a +0 pair of gloves (worn)
 w - a +0 cloak (worn)
Wands
 v - a wand of digging (6)
 x - a wand of flame (18)
Scrolls
 c - 5 scrolls of identify {unknown}
 e - a scroll of blinking {unknown}
 f - a scroll of enchant armour {unknown}
 i - 2 scrolls of fog {unknown}
 k - a scroll of enchant weapon {unknown}
 m - 3 scrolls of teleportation {unknown}
 n - a scroll of acquirement {unknown}
 p - a scroll of fear {unknown}
 q - a scroll of silence {unknown}
 s - a scroll of immolation {unknown}
 t - a scroll of magic mapping {unknown}
Potions
 b - a potion of heal wounds {unknown}
 d - 2 potions of lignification {unknown}
 g - a potion of brilliance {unknown}
 h - 4 potions of curing {unknown}
 o - a potion of flight {unknown}
 r - 2 potions of haste {unknown}


   Skills:
 + Level 6.1 Fighting
 + Level 8.0 Axes
 - Level 2.5 Armour
 + Level 4.3 Dodging


You had 6 spell levels left.
You didn't know any spells.
Your spell library was empty.

Dungeon Overview and Level Annotations

Branches:
Dungeon (5/15)
 Temple: D:4-7

Altars:
Ashenzari
Hepliaklqana

Annotations:
D:5 Duvessa


Innate Abilities, Weirdness & Mutations

You have a pair of horns on your head.
You reflexively headbutt those who attack you in melee.


Message History

Duvessa hits you with a +0 rapier!
You hit Duvessa but do no damage.
Duvessa is moderately wounded.
An ogre comes into view. It is wielding a +0 giant spiked club.
You slash Duvessa!
Duvessa is moderately wounded.
Duvessa hits you with a +0 rapier.
You hit Duvessa.
Duvessa is moderately wounded.
Duvessa hits you with a +0 rapier!!
You slash Duvessa!
Duvessa is heavily wounded.
Duvessa hits you with a +0 rapier!
* * * LOW HITPOINT WARNING * * *
You hit Duvessa.
Duvessa is heavily wounded.
Duvessa barely misses you. You furiously retaliate!
You headbutt Duvessa, but do no damage. You hit Duvessa. You headbutt Duvessa.
Duvessa is severely wounded.
Duvessa hits you with a +0 rapier.
* * * LOW HITPOINT WARNING * * *
You hit Duvessa.
Duvessa is severely wounded.
Duvessa hits you with a +0 rapier!
* * * LOW HITPOINT WARNING * * *
You barely miss Duvessa. Your headbutt misses Duvessa.
Duvessa is severely wounded.
Duvessa hits you with a +0 rapier!
* * * LOW HITPOINT WARNING * * *
You feel a strong urge to attack something.
You are no longer berserk.
You are exhausted.
You feel yourself slow down.
Duvessa rages.
You feel the effects of Trog's Hand fading.
Duvessa misses you. You furiously retaliate!
You headbutt Duvessa, but do no damage. Duvessa hits you but does no damage.
Duvessa hits you with a +0 rapier!
You die...

.## ..# #.#
... #.# #.#
#.# #@# #e#
.## #O# ...
#.# #.# ## #.#
.# #.#
##...###.# .#
#.##.........#
.#
#.##.#######.#
.# #.##.# #.#


You could see Duvessa (berserk) and an ogre.

Vanquished Creatures
  A water moccasin (D:4)
  A black bear (D:4)
  A phantom (D:4)
  Dowan (D:5)
  An orc priest (D:3)
  Crazy Yiuf (D:4)
  An iguana (D:5)
  5 orc wizards
  A hound skeleton (D:5)
  A howler monkey skeleton (D:5)
  4 adders
  An ufetubus (D:5)
  A dart slug (D:1)
  10 orcs
  9 endoplasms
  3 giant cockroaches (D:1)
  10 goblins
  8 hobgoblins
  3 jackals (D:3)
  8 kobolds
  A quokka (D:4)
  7 ball pythons
  7 bats
  2 frilled lizards
  25 rats
113 creatures vanquished.

Notes
Turn   | Place    | Note
-------+----------+-------------------------------------------
     0 | D:1      | dohliylev the Minotaur Berserker began the quest for the
                  | Orb.
     0 | D:1      | Reached XP level 1. HP: 19/19 MP: 0/0
   167 | D:1      | Reached skill level 4 in Axes
   167 | D:1      | Reached XP level 2. HP: 24/27 MP: 1/1
   731 | D:1      | Reached XP level 3. HP: 33/33 MP: 2/2
   845 | D:1      | Reached ** piety under Trog
  1627 | D:3      | Reached XP level 4. HP: 30/41 MP: 3/3
  1780 | D:3      | Identified the +2 robe "Lostrueho" {Rampage rElec SInv}
  1838 | D:3      | Found a broken altar of Ashenzari.
  1898 | D:3      | Reached skill level 5 in Axes
  1900 | D:3      | Reached XP level 5. HP: 47/47 MP: 4/4
  2011 | D:3      | Reached skill level 5 in Fighting
  2789 | D:4      | Noticed a phantom
  2799 | D:4      | Killed a phantom
  2800 | D:4      | Reached skill level 6 in Axes
  2810 | D:4      | Reached *** piety under Trog
  3066 | D:4      | Reached XP level 6. HP: 56/56 MP: 5/5
  3254 | D:4      | Reached skill level 7 in Axes
  3260 | D:4      | Found a hazy altar of Hepliaklqana.
  3279 | D:4      | Noticed a water moccasin
  3289 | D:4      | Killed a water moccasin
  3479 | D:4      | Reached XP level 7. HP: 62/62 MP: 6/6
  3624 | D:4      | Found a runed translucent door.
  3625 | D:4      | Noticed Crazy Yiuf
  3713 | D:4      | Killed Crazy Yiuf
  3757 | D:5      | Entered Level 5 of the Dungeon
  3760 | D:5      | Noticed Dowan
  3763 | D:5      | Noticed Duvessa
  3773 | D:5      | Killed Dowan
  3802 | D:5      | Reached skill level 8 in Axes
  3863 | D:5      | HP: 2/94 [Duvessa (7)]
  3868 | D:5      | Slain by Duvessa

Illustrated notes

Levels and vault maps discovered:
D:1:      tarquinn_simple_flora_water_b, layout_basic,
          chequers_serial_rivers_micro_c
D:2:      layout_loops_cross, minmay_cupped
D:3:      layout_basic, ashenzari_conservatory_becter
D:4:      layout_loops_ring, marbit_many_paths, minmay_rat_hole,
          uniq_crazy_yiuf_cottage
D:5:      layout_loops_ring, led_sif_pool, bloody_makhleb,
          eat_drink_and_be_merry_uskayaw, minmay_temple_entry_stoned_glass,
          nicolae_wormholes, uniq_duvessa, uniq_menkaure, uniq_prince_ribbit1

Skill      XL: |  1  2  3  4  5  6  7 |
---------------+----------------------+-----
Fighting       | 4 5 6 |  6.1
Axes           | 4 5 6 7 8 |  8.0
Dodging        | 3 4 |  4.3
Armour         | |  2.5

Action                   |  1- 3 |  4- 6 |  7- 9 || total
-------------------------+-------+-------+-------++-------
Melee: Hand axe          |    83 |    97 |    40 ||   220
       Headbutt          |    15 |    15 |     7 ||    37
       Punch             |     1 |     1 |     1 ||     3
Invok: Berserk           |     2 |     3 |     4 ||     9
       Trog's Hand       |       |     5 |     3 ||     8
Armor: Animal skin       |    14 |     1 |       ||    15
       Robe              |       |    23 |     8 ||    31
Dodge: Dodged            |    55 |    49 |    18 ||   122

Table legend: (Time is in decaauts)
 A = Elapsed time spent in this place.
 B = Non-inter-level travel time spent in this place.
 C = Inter-level travel time spent in this place.
 D = Time resting spent in this place.
 E = Time spent auto-exploring this place.
 F = Levels seen in this place.
 G = Mean time per level.
                   A        B        C        D        E       F      G
               +--------+--------+--------+--------+--------+-----+--------+
         Total |   3937 |   3796 |    141 |    343 |   2727 |   5 |  787.4 |
       Dungeon |   3937 |   3796 |    141 |    343 |   2727 |   5 |  787.4 |
               +--------+--------+--------+--------+--------+-----+--------+

Top non-repeatable levels by time:
     D:4: 1176 daAuts
     D:3: 1039 daAuts
     D:1: 990 daAuts
     D:2: 617 daAuts
     D:5: 113 daAuts
